 Dungeon Crawl Stone Soup version 0.21.1-1-g345015fe64 (webtiles) character file.

53620 Zasran the Severer (level 14, 0/122 HPs)
             Began as a Hill Orc Fighter on June 20, 2018.
             Was a High Priest of Okawaru.
             Slain by a swamp dragon (6 damage)
             ... on level 2 of the Swamp.
             The game lasted 02:41:28 (25893 turns).

Zasran the Severer (Hill Orc Fighter)              Turns: 25893, Time: 02:41:29

Health: 0/122      AC: 38    Str: 24    XL:     14   Next: 69%
Magic:  24/24      EV: 10    Int:  8    God:    Okawaru [*****.]
Gold:   2054       SH:  0    Dex: 10    Spells: 13/13 levels left

rFire    + . .     SeeInvis .   X - +6 whip of Winter {speed, rPois MP+9}
rCold    + . .     Gourm    .   (no shield)
rNeg     . . .     Faith    .   u - +15 Maxwell's patent armour {-Cast -Tele rElec MR+ rCorr}
rPois    +         Spirit   .   U - +2 helmet
rElec    +         Reflect  .   x - +0 cloak
rCorr    +         Harm     .   I - +1 pair of gloves
MR       +++..     NoTele   +   (no boots) Stlth ..........NoCast +
                                (no amulet)
HPRegen  0.30/turn              Q - +3 ring of evasion
MPRegen  0.19/turn              q - ring of protection from magic

@: lethally poisoned (0 -> -2), resistant (expiring)
A: no striking features
a: Heroism, Finesse, Renounce Religion


You were on level 2 of the Swamp.
You worshipped Okawaru.
Okawaru was extremely pleased with you.
You were hungry.

You visited 5 branches of the dungeon, and saw 21 of its levels.

You collected 2219 gold pieces.
You spent 165 gold pieces at shops.

Inventory:

Hand Weapons
 a - a +1 war axe
 h - a +1 dire flail of protection
 z - a +1 antimagic demon whip
 E - a +1 battleaxe of freezing
 X - the +6 whip of Winter (weapon) {speed, rPois MP+9}
   (You found it on level 1 of the Orcish Mines)

   Attacks with this weapon are significantly faster.
   It protects you from poison.
   It affects your magic capacity (+9).
Armour
 c - a +0 shield
 u - the +15 Maxwell's patent armour (worn) {-Cast -Tele rElec MR+ rCorr}
   (You found it on level 5 of the Dungeon)

   It insulates you from electricity.
   It affects your resistance to hostile enchantments.
   It prevents spellcasting.
   It prevents most forms of teleportation.
   It protects you from acid and corrosion.
 x - a +0 cloak (worn)
 I - a +1 pair of gloves (worn)
 U - a +2 helmet (worn)
Jewellery
 b - an uncursed ring of see invisible
 e - an uncursed ring of fire
 q - a ring of protection from magic (right hand)
 K - an uncursed ring of protection from cold
 O - an uncursed ring of positive energy
 Q - a +3 ring of evasion (left hand)
 W - a +4 ring of dexterity
Wands
 l - a wand of clouds (8)
 m - a wand of flame (28)
 t - a wand of paralysis (17)
 y - a wand of polymorph (1)
 F - a wand of iceblast (5)
 J - a wand of random effects (16)
Scrolls
 g - 13 scrolls of teleportation
 i - 12 scrolls of remove curse
 n - 3 scrolls of identify
 p - a scroll of torment
 A - 2 scrolls of silence
 C - 5 scrolls of enchant weapon
 D - 3 scrolls of amnesia
 G - 2 scrolls of fog
 N - 3 scrolls of magic mapping
 S - 2 scrolls of blinking
Potions
 d - 2 potions of might
 j - 5 potions of lignification
 k - a potion of ambrosia
 o - a potion of haste
 r - 2 potions of resistance
 s - 2 potions of berserk rage
 v - 3 potions of agility
 B - 3 potions of mutation
 H - a potion of magic
 L - a potion of cancellation
 M - a potion of brilliance
Books
 T - a book of Cantrips

   Spells                             Type                      Level
   a - Confusing Touch                Hexes                        1
   b - Animate Skeleton               Necromancy                   1
   c - Summon Small Mammal            Summoning                    1
   d - Apportation                    Translocation                1
 Y - the Disquisition on Envenoming
   (You found it on level 1 of the Lair of Beasts)

   Spells                             Type                      Level
   a - Mephitic Cloud                 Conjuration/Poison/Air       3
   b - Spider Form                    Transmutation/Poison         3
   c - Olgreb's Toxic Radiance        Poison                       4
   d - Venom Bolt                     Conjuration/Poison           5
   e - Alistair's Intoxication        Transmutation/Poison         5
Miscellaneous
 w - a fan of gales
 P - a phial of floods
 R - 2 boxes of beasts
Comestibles
 f - 11 rations
 V - 5 chunks of flesh


   Skills:
 - Level 10.7 Fighting
 * Level 19.5 Axes
 - Level 2.1(11.5) Maces & Flails
 - Level 13.0 Armour
 - Level 14.0 Shields
 - Level 2.1 Invocations


You had 13 spell levels left.
You didn't know any spells.

Dungeon Overview and Level Annotations

Branches:
Dungeon (13/15)            Temple (1/1) D:6            Lair (3/6) D:8
  Swamp (2/4) Lair:3          Orc (2/2) D:11         Vaults (0/5) D:13
  Snake: Lair:2-4    Spider: Lair:2-4       Elf: Orc:2

Altars:
Ashenzari
Cheibriados
Dithmenos
Elyvilon
Fedhas
Gozag
Hepliaklqana
Kikubaaqudgha
Makhleb
Nemelex Xobeh
Okawaru
Qazlal
Ru
Sif Muna
Trog
Uskayaw
Wu Jian
Xom
Yredelemnul
The Shining One
Beogh

Shops:
D:5 *   D:6 *!?[:   D:13 :   Orc:1 [


Message History

You feel sick.
You feel sick.
The swamp dragon breathes poison at you.
The blast of poison misses you.
You enter the shallow water.
Moving in this stuff is going to be slow.
You feel sick.
The swamp dragon breathes poison at you.
The blast of poison engulfs you! You resist.
You feel sick.
The swamp dragon breathes poison at you.
The blast of poison engulfs you!
You are more poisoned.
You resist.
You start to feel less resistant.
You feel sick.
You feel sick.
There is a stone staircase leading up here.
The swamp dragon bites you.
You die...

♣♣ ♣♣♣♣♣♣♣♣ ♣♣♣♣.≈≈.♣
♣....≈.♣ ♣♣≈♣≈.≈§.♣
.....♣♣♣♣...♣....♣♣♣
♣.≈..≈≈..≈.♣≈.≈≈≈.♣♣.
♣♣≈.†≈≈.≈≈≈.♣.≈≈≈≈≈≈..
♣♣....@D§D..?♣.≈≈≈≈≈≈≈.
♣≈...♣..§.§..♣≈.≈≈≈≈≈≈.
♣♣.≈....§§§≈§≈..≈≈.≈≈≈.
♣≈≈≈≈..§≈≈§≈§...≈≈≈≈≈.≈
♣§≈≈≈...≈≈≈≈♣♣♣≈≈≈≈≈...
♣♣....♣♣♣...♣D§.≈≈≈≈...
♣≈.≈≈≈♣♣......♣...≈.♣♣♣
♣≈≈≈≈.♣♣.≈≈≈≈.≈♣≈≈≈♣.♣
♣.≈≈≈.♣..≈≈≈≈≈♣♣♣♣♣♣ ♣


You could see 2 swamp dragons.

Vanquished Creatures
  Gastronok (Lair:2)
  A frost giant (Orc:1)
  Josephine (D:10)
  2 ettins (D:11)
  The ghost of cokecookie the Cleaver, a journeyman MiBe of Trog (D:9)
  2 ogre magi
  Harold (D:11)
  4 vault guards (D:13)
  2 hydras
  An alligator (Swamp:1)
  A centaur warrior (D:13)
  8 two-headed ogres
  Urug (D:11)
  An unseen horror (D:13)
  A shambling mangrove (Swamp:1)
  3 orc knights
  14 cyclopes
  2 orc sorcerers
  A manticore (D:13)
  4 centaur zombies
  2 black mambas
  Joseph (D:7)
  3 spiny frogs
  2 gargoyles
  A rime drake (Lair:2)
  3 komodo dragons (Lair:2)
  5 trolls
  A bog body (Swamp:2)
  5 hornets
  Grinder (D:2)
  8 slime creatures
  3 hippogriffs
  A redback (shapeshifter) (D:13)
  A spriggan (D:7)
  Eustachio (D:3)
  A shadow (D:11)
  9 yaks
  5 wyverns
  6 wraiths
  A human (D:13)
  2 steam dragons
  5 vampire mosquitoes
  Grum (D:10)
  3 basilisks
  6 wargs
  6 swamp worms
  6 water moccasins
  Duvessa (D:6)
  A swamp drake (Swamp:1)
  4 porcupines
  A sky beast (D:9)
  3 ice beasts (D:7)
  14 orc warriors
  3 black bears (D:8)
  4 phantoms
  6 ogres
  7 centaurs
  5 wolves
  5 crocodiles
  2 big kobolds
  A gnoll sergeant (D:9)
  9 bullfrogs
  Dowan (D:6)
  6 scorpions
  A wyvern skeleton (D:12)
  11 killer bees
  7 wights (D:11)
  8 electric eels
  A howler monkey (D:10)
  6 crimson imps
  4 jellies
  A quasit (D:9)
  A bullfrog zombie (D:3)
  8 hounds
  4 bullfrog skeletons
  A gnoll shaman (D:10)
  16 orc priests
  Crazy Yiuf (D:4)
  24 orc wizards
  9 iguanas
  Natasha (thrice) (D:2)
  5 worker ants
  A killer bee zombie (D:7)
  2 hound zombies
  2 hound skeletons
  Robin (D:3)
  17 gnolls
  A howler monkey skeleton (D:5)
  14 adders
  9 shadow imps
  3 adder zombies
  2 adder skeletons (D:4)
  7 worms
  4 dart slugs
  8 leopard geckos
  66 orcs
  6 bats
  2 giant cockroaches
  18 goblins
  5 hobgoblins
  4 jackals (D:8)
  2 quokkas
  2 ball pythons
  6 frilled lizards
  15 kobolds
  A leopard gecko zombie (D:5)
  5 quokka skeletons
  5 rats
  2 fungi
  3 plants
  A withered plant (D:5)
539 creatures vanquished.

Vanquished Creatures (others)
  A tyrant leech (Swamp:2)
  A killer bee (D:11)
  An orc priest (Orc:2)
  2 orcs (Orc:2)
  21 fungi
26 creatures vanquished.

Grand Total: 565 creatures vanquished

Notes
Turn   | Place    | Note
-------+----------+-------------------------------------------
     0 | D:1      | Zasran the Hill Orc Fighter began the quest for the Orb.
     0 | D:1      | Reached XP level 1. HP: 19/19 MP: 1/1
   167 | D:1      | Reached XP level 2. HP: 27/27 MP: 2/2
   207 | D:1      | Reached skill level 3 in Axes
   410 | D:1      | Found a snail-covered altar of Cheibriados.
   624 | D:2      | Reached XP level 3. HP: 28/34 MP: 3/3
   722 | D:2      | Noticed Natasha
   726 | D:2      | Killed Natasha
   726 | D:2      | Reached skill level 5 in Fighting
   726 | D:2      | Reached skill level 4 in Axes
   726 | D:2      | Reached XP level 4. HP: 33/42 MP: 4/4
  1080 | D:2      | Noticed Natasha
  1087 | D:2      | Killed Natasha
  1087 | D:2      | Reached skill level 5 in Axes
  1338 | D:2      | Reached XP level 5. HP: 48/48 MP: 5/5
  1385 | D:2      | Noticed Natasha
  1395 | D:2      | Killed Natasha
  1746 | D:3      | Reached skill level 6 in Axes
  1812 | D:3      | Found an ornate altar of the Wu Jian Council.
  1882 | D:3      | Reached XP level 6. HP: 33/56 MP: 6/6
  2083 | D:3      | Noticed Grinder
  2223 | D:3      | Noticed Robin
  2236 | D:3      | Killed Robin
  2448 | D:2      | Killed Grinder
  2448 | D:2      | Reached skill level 8 in Axes
  2448 | D:2      | Reached XP level 7. HP: 63/63 MP: 7/7
  2509 | D:3      | Found a hide-covered altar of Uskayaw.
  2855 | D:3      | Found a glowing golden altar of the Shining One.
  3351 | D:4      | Reached skill level 9 in Axes
  3743 | D:4      | Found a runed door.
  3747 | D:4      | Noticed Crazy Yiuf
  3751 | D:4      | Killed Crazy Yiuf
  3898 | D:4      | Noticed Eustachio
  4361 | D:3      | Killed Eustachio
  4361 | D:3      | Reached skill level 10 in Axes
  4361 | D:3      | Reached XP level 8. HP: 71/71 MP: 4/8
  4660 | D:5      | Entered Level 5 of the Dungeon
  4705 | D:5      | Found an ancient bone altar of Kikubaaqudgha.
  4726 | D:5      | Found Ypeom's Assorted Antiques.
  4818 | D:5      | Found the +15 Maxwell's patent armour {-Cast -Tele rElec MR+ rCorr}
  4930 | D:5      | Found a shattered altar of Ashenzari.
  5156 | D:5      | Reached skill level 11 in Axes
  5639 | D:5      | Reached skill level 12 in Axes
  5909 | D:6      | Reached XP level 9. HP: 76/77 MP: 9/9
  5983 | D:6      | Found Gyekkyh's Book Boutique.
  6021 | D:6      | Found Neemnyor's Magic Scroll Shop.
  6023 | D:6      | Found Qymimn's Antique Armour Shoppe.
  6079 | D:6      | Found an opulent altar of Gozag.
  6083 | D:6      | Found a sparkling altar of Nemelex Xobeh.
  6110 | D:6      | Found Giruin's Distillery.
  6127 | D:6      | Bought 2 potions of curing for 72 gold pieces
  6143 | D:6      | Noticed Duvessa
  6144 | D:6      | Noticed Dowan
  6168 | D:6      | Killed Duvessa
  6179 | D:6      | Killed Dowan
  6179 | D:6      | Reached skill level 13 in Axes
  6374 | D:6      | Found a snail-covered altar of Cheibriados.
  6431 | D:6      | Found Reepatwi's Assorted Antiques.
  6443 | D:6      | Bought a potion of curing for 93 gold pieces
  6574 | D:6      | Found a staircase to the Ecumenical Temple.
  6679 | Temple   | Entered the Ecumenical Temple
  6719 | Temple   | Became a worshipper of Warmaster Okawaru
  6821 | D:7      | Reached skill level 5 in Shields
  6834 | D:7      | Noticed Joseph
  6884 | D:7      | Reached * piety under Okawaru
  6884 | D:7      | Reached skill level 14 in Axes
  6895 | D:7      | Killed Joseph
  7095 | D:7      | Reached XP level 10. HP: 84/84 MP: 10/10
  7158 | D:7      | Reached ** piety under Okawaru
  7161 | D:7      | Found a burning altar of Makhleb.
  7391 | D:8      | Noticed a two-headed ogre
  7566 | D:8      | Killed a two-headed ogre
  7566 | D:8      | Reached skill level 5 in Armour
  7853 | D:8      | Paralysed by a hornet for 3 turns
  7868 | D:8      | Reached *** piety under Okawaru
  8030 | D:8      | Noticed a two-headed ogre
  8032 | D:8      | Found a staircase to the Lair.
  8042 | D:8      | Killed a two-headed ogre
  8042 | D:8      | Reached **** piety under Okawaru
  8042 | D:8      | Reached skill level 10 in Shields
  8051 | D:8      | Reached XP level 11. HP: 70/90 MP: 11/11
  8307 | D:8      | Found a blossoming altar of Fedhas.
  8311 | D:8      | Noticed a two-headed ogre
  8338 | D:8      | Killed a two-headed ogre
  8771 | D:8      | Found a hazy altar of Hepliaklqana.
  8845 | D:8      | Found a deep blue altar of Sif Muna.
  9099 | D:9      | Noticed a two-headed ogre
  9123 | D:9      | Killed a two-headed ogre
  9151 | D:9      | Noticed cokecookie's ghost (journeyman MiBe)
  9242 | D:9      | Killed cokecookie's ghost
  9242 | D:9      | Reached ***** piety under Okawaru
  9514 | D:9      | Noticed a moth of wrath
  9517 | D:9      | Found a bloodstained altar of Trog.
 10078 | D:10     | Entered Level 10 of the Dungeon
 10244 | D:10     | Noticed a cyclops
 10277 | D:10     | Killed a cyclops
 10383 | D:10     | Noticed Grum
 10396 | D:10     | Killed Grum
 10465 | D:10     | Noticed Josephine
 10965 | D:10     | Killed Josephine
 11189 | D:10     | Reached skill level 10 in Armour
 11190 | D:10     | Received a gift from Okawaru
 11190 | D:10     | Reached skill level 1 in Invocations
 11678 | D:10     | Reached XP level 12. HP: 87/100 MP: 12/12
 11872 | D:10     | Found a roughly hewn altar of Beogh.
 11972 | D:11     | Found a labyrinth entrance.
 12911 | D:11     | Found a staircase to the Orcish Mines.
 13140 | D:11     | Noticed a two-headed ogre
 13148 | D:11     | Killed a two-headed ogre
 13278 | D:11     | Noticed Urug
 13305 | D:11     | Killed Urug
 13473 | D:11     | Noticed Harold
 13501 | D:11     | Killed Harold
 14002 | Orc:1    | Entered Level 1 of the Orcish Mines
 14135 | Orc:1    | Noticed an ettin
 14154 | D:11     | Killed an ettin
 14535 | Orc:1    | Found Alleruk's Antique Armour Boutique.
 14569 | Orc:1    | Found a roughly hewn altar of Beogh.
 14820 | Orc:1    | You fall through a shaft!
 14820 | Orc:2    | Entered Level 2 of the Orcish Mines
 15215 | Orc:1    | Received a gift from Okawaru
 15314 | Orc:1    | Reached XP level 13. HP: 91/111 MP: 14/14
 15566 | Orc:1    | Noticed an ogre mage
 15590 | Orc:1    | Killed an ogre mage
 15590 | Orc:1    | Reached skill level 10 in Fighting
 15793 | Orc:1    | Reached ****** piety under Okawaru
 15940 | Orc:1    | Noticed a frost giant
 15955 | Orc:1    | Noticed an ettin
 15971 | Orc:1    | Killed a frost giant
 16774 | D:11     | Killed an ettin
 17041 | Orc:1    | Got an ichor-stained whip
 17072 | Orc:1    | Identified the +6 whip of Winter {speed, rPois MP+9} (You found it on level 1 of the Orcish Mines)
 17744 | Orc:1    | Reached skill level 1 in Maces & Flails
 18852 | D:12     | Received a gift from Okawaru
 18852 | D:12     | Reached skill level 15 in Axes
 19403 | D:12     | Found a sacrificial altar of Ru.
 21059 | D:13     | Reached skill level 16 in Axes
 21446 | D:13     | Found Nurph's Book Boutique.
 21760 | D:13     | Noticed a vault guard
 21816 | D:13     | Noticed a vault guard
 21867 | D:13     | Killed a vault guard
 21867 | D:13     | Reached XP level 14. HP: 112/122 MP: 9/15
 21971 | D:13     | Reached skill level 17 in Axes
 22221 | D:13     | Found a gate to the Vaults.
 23096 | Lair:1   | Entered Level 1 of the Lair of Beasts
 23212 | Lair:1   | Received a gift from Okawaru
 23519 | Lair:1   | Identified the Disquisition on Envenoming
 23858 | Lair:1   | Reached skill level 18 in Axes
 23929 | Lair:2   | Noticed Gastronok
 23949 | Lair:2   | Killed Gastronok
 25311 | Lair:3   | Found a staircase to the Swamp.
 25353 | Lair:3   | Reached skill level 19 in Axes
 25357 | Swamp:1  | Entered Level 1 of the Swamp
 25890 | Swamp:2  | HP: 6/122 [poisoned by a swamp dragon (blast of poison)]
 25893 | Swamp:2  | Slain by a swamp dragon

Skill      XL: |  1  2  3  4  5  6  7  8  9 10 11 12 13 14 |
---------------+-------------------------------------------+-----
Fighting       | 4 5 6 7 9 10 | 10.7
Axes           | 3 4 5 6 8 10 12 14 16 19 | 19.5
Shields        | 4 6 10 12 13 14 | 14.0
Armour         | 7 10 12 13 | 13.0
Invocations    | 1 2 |  2.1
Maces & Flails | 2 |  2.1

Action                   |  1- 3 |  4- 6 |  7- 9 | 10-12 | 13-15 || total
-------------------------+-------+-------+-------+-------+-------++-------
Melee: War axe           |    52 |   142 |   469 |  1111 |   176 ||  1950
       Battleaxe         |       |       |       |       |   280 ||   280
       Whip              |       |       |       |       |   500 ||   500
       Dire flail        |       |       |       |       |     7 ||     7
Invok: Finesse           |       |       |       |     2 |     4 ||     6
       Heroism           |       |       |       |     2 |     1 ||     3
Evoke: Wand              |       |     1 |       |       |       ||     1
  Use: Scroll            |     2 |       |    17 |     5 |     6 ||    30
       Potion            |       |       |       |     9 |     3 ||    12
  Eat: Chunk             |       |     1 |     6 |     4 |    12 ||    23
       Ration            |       |     1 |     3 |     7 |     6 ||    17
Armor: Scale mail        |    24 |    48 |    83 |       |       ||   155
       Skin              |       |       |    53 |     1 |       ||    54
       Plate armour      |       |       |   153 |   466 |   506 ||  1125
Dodge: Dodged            |    17 |    30 |   227 |   221 |   313 ||   808
Block: Shield            |    27 |    68 |   231 |   555 |   115 ||   996
